 Dungeon Crawl Stone Soup version 0.20.0-7-g3b7b877 (webtiles) character file.

9625 Hasart the Thaumaturge (level 11, -8/81 HPs)
             Began as a Mummy Ice Elementalist on May 29, 2017.
             Was an Initiate of Gozag.
             Mangled by a blink frog (13 damage)
             ... on level 1 of the Lair of Beasts.
             The game lasted 00:45:48 (17654 turns).

Hasart the Thaumaturge (Mummy Ice Elementalist)    Turns: 17654, Time: 00:45:49

Health: -8/81      AC:  2    Str: 11    XL:     11   Next: 25%
Magic:  11/25      EV: 13    Int: 17    God:    Gozag
Gold:   373        SH:  0    Dex: 14    Spells: 21/30 levels left

rFire    x . .     SeeInvis .   o - +3 flail (protect)
rCold    + + .     Gourm    .   (no shield)
rNeg     + + +     Faith    .   a - +0 robe
rPois    ∞         Spirit   .   l - +0 hat
rElec    .         Reflect  .   C - scarf {repulsion}
rCorr    +         Harm     .   (no gloves)
MR       +....                  (no boots)
Stlth    ++........             (no amulet)
Regen    0.3/turn               D - ring of protection from cold
MPRegen  0.2/turn               r - ring of resist corrosion

@: repel missiles
A: no food or potions, fire vulnerability, cold resistance 1, negative energy
resistance 3, torment resistance, unbreathing
a: Potion Petition, Call Merchant, Bribe Branch, Renounce Religion


You were on level 1 of the Lair of Beasts.
You worshipped Gozag.
Gozag was aware of your devotion.
You were not hungry.

You visited 3 branches of the dungeon, and saw 14 of its levels.

You collected 2100 gold pieces.
You spent 510 gold pieces at shops.
You paid 1217 gold pieces to Gozag.

Inventory:

Hand Weapons
 o - a +3 flail of protection (weapon)
 B - a +2 trident of venom
Armour
 a - a +0 robe (worn)
 l - a +0 hat (worn)
 t - a +2 large shield
 u - a +0 troll leather armour
 C - a scarf of repulsion (worn)
 G - a +1 shield of reflection
Jewellery
 q - an uncursed ring of positive energy
 r - a ring of resist corrosion (right hand)
 y - an uncursed ring of flight
 D - a ring of protection from cold (left hand)
Wands
 k - a wand of enslavement (10/24)
 p - a wand of paralysis (14/24)
 v - a wand of iceblast (7/15)
 w - a wand of random effects (20/48)
 x - a wand of disintegration (21/24)
 A - a wand of acid (9/15)
Scrolls
 c - a scroll of recharging {unknown}
 d - 3 scrolls of remove curse
 e - 12 scrolls of identify
 g - 4 scrolls of teleportation
 h - 5 scrolls of immolation {unknown}
 i - 3 scrolls of magic mapping {unknown}
 j - 3 scrolls of amnesia {unknown}
 m - a scroll of enchant armour
 n - 2 scrolls of enchant weapon {unknown}
 s - 2 scrolls of fog {unknown}
 E - a scroll of blinking {unknown}
 F - 2 scrolls of fear {unknown}
Books
 b - a book of Frost

   Spells                             Type                      Level
   a - Freeze                         Ice                          1
   b - Throw Frost                    Conjuration/Ice              2
   c - Ozocubu's Armour               Charms/Ice                   3
   d - Throw Icicle                   Conjuration/Ice              4
   e - Summon Ice Beast               Ice/Summoning                4
 f - a book of Alchemy

   Spells                             Type                      Level
   a - Sublimation of Blood           Necromancy                   2
   b - Ignite Poison                  Fire/Transmutation/Poison    3
   c - Petrify                        Transmutation/Earth          4
   d - Alistair's Intoxication        Transmutation/Poison         5
   e - Irradiate                      Conjuration/Transmutation    5
 z - a book of Necromancy

   Spells                             Type                      Level
   a - Pain                           Necromancy                   1
   b - Animate Skeleton               Necromancy                   1
   c - Vampiric Draining              Necromancy                   3
   d - Regeneration                   Charms/Necromancy            3
   e - Animate Dead                   Necromancy                   4
   f - Control Undead                 Necromancy                   4


   Skills:
 + Level 6.2 Fighting
   Level 1.2 Short Blades
 - Level 4.0 Maces & Flails
 - Level 2.3 Dodging
 - Level 1.5 Stealth
 + Level 3.6 Shields
 * Level 10.2 Spellcasting
 + Level 3.2 Conjurations
 - Level 5.0 Summonings
 * Level 8.6 Ice Magic


You had 21 spell levels left.
You knew the following spells:

 Your Spells              Type           Power        Failure   Level  Hunger
a - Freeze                Ice            ####         1%          1    N/A
b - Summon Ice Beast      Ice/Summ       ####....     4%          4    N/A
c - Throw Icicle          Conj/Ice       ####....     7%          4    N/A

Dungeon Overview and Level Annotations

Branches:
Dungeon (12/15)            Temple (1/1) D:5            Lair (1/6) D:11
    Orc: D:9-12

Altars:
Ashenzari
Dithmenos
Elyvilon
Fedhas
Gozag
Nemelex Xobeh
Qazlal
Sif Muna
Trog
Uskayaw
Vehumet
Zin
The Shining One

Shops:
D:4 ?   D:6 (!*   D:8 *   Lair:1 =


Innate Abilities, Weirdness & Mutations

You do not eat or drink.
Your flesh is vulnerable to fire.
You are immune to poison.
Your flesh is cold resistant. (rC+)
You are immune to negative energy. (rN+++)
You are immune to unholy pain and torment.
You can survive without breathing.


Message History

The blink frog blinks!
Casting: Summon Ice Beast
Confirm with . or Enter, or press ? or * to list all spells.
A chill wind blows around you. The blink frog hits you!
The blink frog closely misses you. The blink frog hits you!
* * * LOW HITPOINT WARNING * * *
The blink frog blinks!
The blink frog hits you!
* * * LOW HITPOINT WARNING * * *
The blink frog blinks!
The blink frog closely misses your ice beast.
Your ice beast closely misses the blink frog.
The blink frog blinks!
The blink frog hits your ice beast!
The blink frog blinks! x2
Unknown command.
You need at least 400 gold to purchase potions right now!
Unknown command.
The blink frog blinks!
The blink frog hits your ice beast. The blink frog barely misses you.
The blink frog hits you!
You die...
Your body crumbles into a pile of gold.

#..........# #.≈≈≈≈≈≈..
#..........# #.≈≈≈≈≈≈..
##........(.## ### #.≈≈≈≈≈≈..
#............####.####.........
##....................##....###
######....#...F.............#
#.....Y...Y.....##.....##
#.....YF........###.##...
#.......@F......P#.......
#....#......F..P######.#.
..........§......# ##..#
.P##...............#####..## #.
........................# #
.%.####..........###...## #...#
#.#.##....#####...#
...§.§.§#...............# ≈§
##..............#


You could see 4 blink frogs and 3 friendly ice beasts.

Vanquished Creatures
  2 two-headed ogres
  Nergalle (D:11)
  Maurice (D:8)
  A spiny frog (Lair:1)
  2 tengu conjurers (D:12)
  A hornet (D:9)
  A yak (Lair:1)
  2 hungry ghosts
  Menkaure (D:7)
  3 water moccasins
  An acid dragon (D:11)
  2 sky beasts
  3 phantoms
  2 orc warriors
  3 ice beasts
  3 ogres
  A crocodile (Lair:1)
  2 centaurs (D:8)
  4 bullfrogs
  5 scorpions
  A water moccasin skeleton (D:8)
  A howler monkey (D:4)
  3 crimson imps
  2 centaur zombies
  2 centaur skeletons
  An orc priest (D:10)
  A bullfrog skeleton (D:5)
  4 hounds
  A gnoll shaman (D:8)
  Natasha (D:2)
  3 iguanas
  8 orc wizards
  9 worker ants
  A hound zombie (D:6)
  16 adders
  4 gnolls (D:8)
  3 shadow imps
  3 oozes
  3 adder skeletons
  An adder zombie (D:5)
  5 worms
  3 dart slugs
  4 leopard geckos
  41 orcs
  3 ball pythons
  10 giant cockroaches
  12 hobgoblins
  4 jackals (D:1)
  10 quokkas
  8 bats
  2 frilled lizards
  7 goblins
  A jackal zombie (D:5)
  9 kobolds
  A leopard gecko zombie (D:9)
  A quokka zombie (D:5)
  16 rats
246 creatures vanquished.

Vanquished Creatures (collateral kills)
  A two-headed ogre (D:11)
  A spiny frog (Lair:1)
  A troll (D:5)
  Prince Ribbit (D:8)
  A hornet (D:10)
  3 slime creatures (D:11)
  2 shadows (D:11)
  9 yaks
  A wyvern (D:11)
  Edmund (D:4)
  A sky beast (D:9)
  5 orc warriors
  A phantom (D:4)
  5 ogres
  A centaur (D:8)
  2 scorpions
  3 howler monkeys (D:11)
  An electric eel (Lair:1)
  A hound (D:11)
  2 orc priests
  2 orc wizards
  An adder skeleton (D:9)
  8 orcs
  A quokka (D:10)
55 creatures vanquished.

Vanquished Creatures (others)
  A frilled lizard (D:3)
1 creature vanquished.

Grand Total: 302 creatures vanquished

Notes
Turn   | Place    | Note
-------+----------+-------------------------------------------
     0 | D:1      | Hasart the Mummy Ice Elementalist began the quest for the Orb.
     0 | D:1      | Reached XP level 1. HP: 13/13 MP: 4/4
   160 | D:1      | Reached XP level 2. HP: 19/19 MP: 0/5
   714 | D:1      | Reached XP level 3. HP: 19/24 MP: 0/7
   806 | D:1      | Reached skill level 3 in Spellcasting
  1832 | D:2      | Reached XP level 4. HP: 25/30 MP: 8/8
  2306 | D:2      | Noticed Natasha
  2318 | D:2      | Killed Natasha
  2746 | D:2      | Reached XP level 5. HP: 33/36 MP: 7/10
  2841 | D:2      | Learned a level 4 spell: Summon Ice Beast
  2910 | D:2      | Reached skill level 1 in Fighting
  3161 | D:3      | Reached skill level 1 in Short Blades
  3472 | D:3      | Reached skill level 4 in Spellcasting
  3486 | D:3      | Reached skill level 1 in Summonings
  3822 | D:3      | Noticed an ogre
  4105 | D:4      | Noticed Edmund
  4145 | D:4      | Killed Edmund
  4145 | D:4      | Reached XP level 6. HP: 34/44 MP: 3/12
  4835 | D:4      | Noticed an orc warrior
  4845 | D:4      | Killed an orc warrior
  4845 | D:4      | Reached skill level 1 in Maces & Flails
  4845 | D:4      | Reached XP level 7. HP: 38/50 MP: 6/13
  4920 | D:4      | Got a faintly glowing hand axe
  4921 | D:4      | Identified the +1 hand axe of Excruciating Pain {antimagic, Fragile rN+ Int+3 Dex+2} (You found it on level 4 of the Dungeon)
  5247 | D:4      | Found a glowing golden altar of the Shining One.
  5328 | D:4      | Found Watilim's Magic Scroll Shop.
  5333 | D:4      | Bought a scroll of teleportation for 30 gold pieces
  5561 | D:3      | Found a radiant altar of Vehumet.
  5604 | D:3      | Reached skill level 5 in Spellcasting
  5958 | D:5      | Entered Level 5 of the Dungeon
  5969 | D:5      | Found a blossoming altar of Fedhas.
  6026 | D:5      | Reached skill level 5 in Ice Magic
  6173 | D:5      | Noticed a troll
  6214 | D:5      | Killed a troll
  6214 | D:5      | Reached XP level 8. HP: 55/58 MP: 3/15
  6302 | D:5      | Learned a level 4 spell: Throw Icicle
  6783 | D:5      | Found a staircase to the Ecumenical Temple.
  6789 | Temple   | Entered the Ecumenical Temple
  6796 | Temple   | Became a worshipper of Gozag Ym Sagoz the Greedy
  6929 | D:5      | You fall through a shaft for 3 floors!
  7252 | D:8      | Found a deep blue altar of Sif Muna.
  7643 | D:8      | Noticed Prince Ribbit
  7659 | D:8      | Killed Prince Ribbit
  8034 | D:7      | Found a white marble altar of Elyvilon.
  8116 | D:7      | Noticed Menkaure
  8122 | D:7      | Reached skill level 6 in Spellcasting
  8137 | D:7      | Killed Menkaure
  8137 | D:7      | Reached XP level 9. HP: 29/65 MP: 5/18
  8559 | D:6      | Found Lukoxt's Weapon Shop.
  8639 | D:6      | Found Vorren's Distillery.
  8939 | D:6      | Found a shattered altar of Ashenzari.
  8984 | D:6      | Found a shadowy altar of Dithmenos.
  9172 | D:6      | Found Faot's General Store.
  9238 | D:6      | Found a sparkling altar of Nemelex Xobeh.
  9673 | D:7      | Noticed a hand axe
  9674 | D:7      | Noticed a dagger
  9682 | D:7      | Found a hide-covered altar of Uskayaw.
 10132 | D:7      | Reached skill level 5 in Summonings
 10475 | D:8      | Noticed Maurice
 10540 | D:8      | Killed Maurice
 10540 | D:8      | Reached skill level 7 in Spellcasting
 10708 | D:8      | Bought a scroll labeled GENKI ONIED for 30 gold pieces
 10958 | D:8      | Reached skill level 1 in Shields
 11660 | D:9      | Noticed a two-headed ogre
 11734 | D:9      | Killed a two-headed ogre
 11734 | D:9      | Reached skill level 8 in Spellcasting
 11734 | D:9      | Reached skill level 1 in Conjurations
 11734 | D:9      | Reached XP level 10. HP: 73/73 MP: 0/22
 12487 | D:9      | Reached skill level 5 in Fighting
 12795 | D:8      | Bought a papyrus book for 450 gold pieces
 12836 | D:10     | Entered Level 10 of the Dungeon
 13358 | D:10     | Noticed a two-headed ogre
 13368 | D:10     | Killed a two-headed ogre
 14041 | D:10     | Reached skill level 9 in Spellcasting
 14245 | D:11     | Noticed a two-headed ogre
 14279 | D:11     | Killed a two-headed ogre
 14417 | D:11     | Found a staircase to the Lair.
 15270 | D:11     | Noticed Nergalle
 15283 | D:11     | Killed Nergalle
 15293 | D:11     | Reached XP level 11. HP: 51/81 MP: 5/24
 16242 | D:12     | Reached skill level 10 in Spellcasting
 16408 | Lair:1   | Entered Level 1 of the Lair of Beasts
 17654 | Lair:1   | Mangled by a blink frog

Skill      XL: |  1  2  3  4  5  6  7  8  9 10 11 |
---------------+----------------------------------+-----
Ice Magic      | 3 4 5 6 7 8 |  8.6
Spellcasting   | 3 4 5 6 8 9 10 | 10.2
Dodging        | 2 |  2.3
Fighting       | 1 2 3 4 5 6 |  6.2
Short Blades   | 1 |  1.2
Summonings     | 1 2 3 4 5 |  5.0
Maces & Flails | 1 2 3 4 |  4.0
Shields        | 1 3 |  3.6
Conjurations   | 1 3 |  3.2
Stealth        | |  1.5

Action                   |  1- 3 |  4- 6 |  7- 9 | 10-12 || total
-------------------------+-------+-------+-------+-------++-------
Melee: Dagger            |    74 |   146 |       |       ||   220
       Flail             |       |    32 |   300 |   223 ||   555
 Cast: Freeze            |    33 |    44 |    83 |    77 ||   237
       Summon Ice Beast  |       |     4 |    34 |    69 ||   107
       Throw Icicle      |       |       |     2 |    15 ||    17
Invok: Call Merchant     |       |       |     1 |     1 ||     2
       Potion Petition   |       |       |     1 |       ||     1
  Use: Scroll            |       |     1 |     2 |     2 ||     5
 Stab: Sleeping          |     2 |     3 |     6 |     1 ||    12
       Distracted        |       |       |     2 |     1 ||     3
Armor: Robe              |    11 |    41 |    98 |    76 ||   226
Dodge: Dodged            |    65 |   143 |   253 |   202 ||   663
       Deflected         |       |       |       |     2 ||     2
